 Dungeon Crawl Stone Soup version 0.24-a0-164-g56e1b8f (webtiles) character file.

Game seed: 8247013405086961222

284 emperorscorpion the Poker (level 6, -1/51 HPs)
             Began as a Merfolk Berserker on Mar 6, 2019.
             Was a Believer of Trog.
             Slain by a worker ant (5 damage)
             ... on level 6 of the Dungeon.
             The game lasted 00:04:17 (547 turns).

emperorscorpion the Poker (Merfolk Berserker)        Turns: 547, Time: 00:04:17

Health: -1/51      AC:  6    Str: 18    XL:     6   Next: 29%
Magic:  6/6        EV: 11    Int:  6    God:    Trog [**....]
Gold:   92         SH:  0    Dex: 15    Spells: 5/5 levels left

rFire    . . .     SeeInvis .   a - +0 spear
rCold    . . .     Gourm    .   (no shield)
rNeg     . . .     Faith    .   o - +0 scale mail
rPois    .         Spirit   .   (no helmet)
rElec    .         Reflect  .   (no cloak)
rCorr    .         Harm     .   (no gloves)
MR       .....                  (no boots)
Stlth    ..........             (no amulet)
HPRegen  0.17/turn              (no ring)
MPRegen  0.10/turn              (no ring)

@: lethally poisoned (-1 -> -10), berserk cooldown, slowed, very slow
A: change form in water, swift swim, stealthy swim
a: Berserk, Trog's Hand, Renounce Religion


You were on level 6 of the Dungeon.
You worshipped Trog.
Trog was pleased with you.
You were not hungry.

You visited 1 branch of the dungeon, and saw 7 of its levels.

You collected 92 gold pieces.

Inventory:

Hand Weapons
 a - a +0 spear (weapon)
Armour
 b - a +0 animal skin
 g - a +0 ring mail
 n - a +1 leather armour of fire resistance
 o - a +0 scale mail (worn)
Scrolls
 e - a scroll of enchant weapon {unknown}
 h - a scroll of remove curse {unknown}
 i - a scroll of identify {unknown}
 j - a scroll of random uselessness {unknown}
 l - a scroll of fear {unknown}
Potions
 k - a potion of agility {unknown}
 m - a potion of mutation {unknown}
Comestibles
 c - 2 rations
 f - 8 chunks of flesh


   Skills:
 + Level 5.0 Fighting
 + Level 7.1 Polearms
 + Level 2.3 Armour
 + Level 3.7 Dodging


You had 5 spell levels left.
You didn't know any spells.
Your spell library contained the following spells:

 Spells                   Type           Power        Failure   Level  Hunger
 Corona                   Hex            #......      85%         1    ##.....
 Slow                     Hex            #.......     94%         2    ###....
 Inner Flame              Hex/Fire       #.......     99%         3    ####...
 Portal Projectile        Hex/Tloc       #.....       99%         3    ####...
 Cause Fear               Hex            #.........   100%        4    #####..
 Leda's Liquefaction      Hex/Erth       #.........   100%        4    #####..


Dungeon Overview and Level Annotations

Branches:
Dungeon (7/15)
 Temple: D:4-7

Altars:
Sif Muna


Message History

You feel sick.
The worker ant bites you but does no damage. x2
You hit the worker ant.
The worker ant is almost dead.
You feel sick. The worker ant barely misses you.
You closely miss the worker ant.
The worker ant is almost dead.
You feel sick. The worker ant bites you.
* * * LOW HITPOINT WARNING * * *
You are lethally poisoned!
The worker ant poisons you!
You hit the worker ant but do no damage.
The worker ant is almost dead.
* * * LOW HITPOINT WARNING * * *
You feel sick. The worker ant barely misses you. The worker ant bites you.
* * * LOW HITPOINT WARNING * * *
It was a potion of magic.
Magic courses through your body.
* * * LOW HITPOINT WARNING * * *
You feel sick. The worker ant bites you.
You die...

.......................
.......................#
...รท...................#
.......................#
.......................#
.......................#
.......................#
................a..%...#
................@......#
#######................#
#................#
#................#
#...............(#
.........###+####
........# .......


You could see a worker ant.

Vanquished Creatures
  A sky beast (D:6)
  An ogre (D:7)
  A centaur zombie (D:7)
  A hound (D:7)
  A gnoll (D:7)
  An adder (D:2)
  A worm (D:2)
  A dart slug (D:2)
  3 leopard geckos
  4 jackals
  3 quokkas
  A ball python (D:3)
  2 bats
  A frilled lizard (D:1)
  2 goblins (D:2)
  A kobold (D:1)
  A rat (D:1)
26 creatures vanquished.

Notes
Turn   | Place    | Note
-------+----------+-------------------------------------------
     0 | D:1      | emperorscorpion the Merfolk Berserker began the quest for
                  | the Orb.
     0 | D:1      | Reached XP level 1. HP: 18/18 MP: 1/1
   111 | D:2      | Reached XP level 2. HP: 25/25 MP: 2/2
   139 | D:2      | Reached skill level 5 in Polearms
   228 | D:3      | Reached XP level 3. HP: 27/30 MP: 3/3
   260 | D:5      | Entered Level 5 of the Dungeon
   288 | D:5      | Found a deep blue altar of Sif Muna.
   347 | D:7      | Noticed an ogre
   356 | D:7      | Killed an ogre
   356 | D:7      | Reached skill level 6 in Polearms
   356 | D:7      | Reached XP level 4. HP: 34/38 MP: 4/4
   356 | D:7      | Reached XP level 5. HP: 38/43 MP: 5/5
   442 | D:7      | Reached ** piety under Trog
   461 | D:7      | Noticed a black bear
   498 | D:6      | Noticed a sky beast
   509 | D:6      | Killed a sky beast
   509 | D:6      | Reached skill level 5 in Fighting
   509 | D:6      | Reached skill level 7 in Polearms
   509 | D:6      | Reached XP level 6. HP: 14/51 MP: 6/6
   547 | D:6      | Slain by a worker ant

Levels and vault maps discovered:
D:1:      dpeg_arrival_lava_temple_mockup, layout_loops_corners
D:2:      layout_rooms
D:3:      layout_basic, first_ration
D:4:      layout_gridville, lemuel_doored_altar, minmay_temple_entry_waves,
          serial_rivers, chequers_serial_rivers_micro_d,
          chequers_serial_rivers_small_b, chequers_serial_rivers_room_b,
          chequers_serial_rivers_micro_d, chequers_serial_rivers_marsh,
          kennysheep_another_room
D:5:      layout_gridville, led_sif_book, biasface_ghost_orc_armoury
D:6:      layout_gridville, serial_shops, nicolae_shop_window_shopping
D:7:      layout_basic, nicolae_overflow_hidden_temple

Skill      XL: |  1  2  3  4  5 |
---------------+----------------+-----
Polearms       | 5 6 7 |  7.1
Fighting       | 4 5 |  5.0
Dodging        | 3 |  3.7
Armour         | 2 |  2.3

Action                   |  1- 3 |  4- 6 || total
-------------------------+-------+-------++-------
Melee: Spear             |    59 |    58 ||   117
Invok: Berserk           |     3 |     2 ||     5
  Use: Potion            |       |     1 ||     1
  Eat: Chunk             |       |     4 ||     4
Armor: Animal skin       |     1 |       ||     1
       Ring mail         |     5 |     6 ||    11
       Scale mail        |       |    15 ||    15
Dodge: Dodged            |    19 |    40 ||    59

Table legend:
 A = Non-vault XP
 B = Vault XP
 C = Vault XP percentage of total XP
 D = Non-vault monster count
 E = Vault monster count
 F = Vault count percentage of total count
                 A         B        C        D         E       F
            +---------+---------+-------+---------+---------+-------
      Total |     406 |       0 |   0.0 |      26 |       0 |   0.0
            +---------+---------+-------+---------+---------+-------
        D:1 |       7 |       0 |   0.0 |       5 |       0 |   0.0
        D:2 |      26 |       0 |   0.0 |       6 |       0 |   0.0
        D:3 |       5 |       0 |   0.0 |       3 |       0 |   0.0
        D:6 |     139 |       0 |   0.0 |       5 |       0 |   0.0
        D:7 |     229 |       0 |   0.0 |       7 |       0 |   0.0
            +---------+---------+-------+---------+---------+-------
